AoeStats
← Fs.Black_

African Clearing

506289350Analyzed
4v4 RM · 19d ago on Sep 13, 2026· 49m 50s· 8 players
Game mode
Random Map
Map size
Large (8 player)
Population
200
Speed
Normal
Resources
Standard
Victory
Conquest
Starting age
Dark Age
Ending age
Imperial Age
RankedLock teamsTeams togetherTeam positionsShared explorationLock speedFull tech treeHidden civsTurbo modeCheats
Victory
Defeat
🇮🇹 Mongols · Italy
1710
+16
🇮🇳 Slavs · India
1661
+18
🇦🇷 Hindustanis · Argentina
1623
+19
🇲🇽 Maya · Mexico
1598
+20
🇧🇷 Koreans · Brazil
1752
-20
🇧🇷 Berbers · Brazil
1711
-19
🇧🇷 Jurchens · Brazil
1680
-18
🇧🇷 Vietnamese · Brazil
1632
-16
OS+ | 青田龙
13:43 Feudal Age
14:33 Double-Bit Axe
14:55 Loom
18:12 Castle Age
16:11 Horse Collar
18:39 Fletching
19:06 Bow Saw
19:53 Bodkin Arrow
22:25 Fishing Lines
23:45 Padded Archer Armor
26:18 Leather Archer Armor
26:34 Thumb Ring
27:20 Husbandry
28:05 Bloodlines
28:31 Scale Barding Armor
31:48 Wheelbarrow
31:30 Forging
35:34 Chain Barding Armor
35:57 Hand Cart
35:28 Town Watch
41:09 Imperial Age
38:50 Heavy Plow
38:42 Gold Mining
38:45 Stone Mining
40:55 Gold Shaft Mining
41:00 Stone Shaft Mining
41:20 Elite Mangudai
42:23 Conscription
42:43 Hoardings
43:15 Conscription
43:31 Hoardings
43:02 Bracer
44:05 Chemistry
43:48 Leather Archer Armor
44:00 Parthian Tactics
44:03 Ballistics
46:39 Town Patrol
47:25 Iron Casting
47:18 Siege Engineers
47:24 Masonry
48:42 Drill
48:01 Onager
49:07 Capped Ram
49:34 Siege Onager
Ux'Ventura
4:03 Loom
13:31 Feudal Age
17:49 Castle Age
18:01 Double-Bit Axe
27:15 Fletching
30:53 Bow Saw
33:39 Bodkin Arrow
34:42 Ballistics
39:05 Wheelbarrow
38:51 Horse Collar
44:18 Imperial Age
43:33 Padded Archer Armor
44:05 Hand Cart
45:22 Leather Archer Armor
45:10 Bracer
44:34 Elite Plumed Archer
46:57 Leather Archer Armor
47:43 Chemistry
46:07 Elite Skirmisher
46:53 Thumb Ring
47:49 Capped Ram
49:00 Siege Ram
Dark_Shelly
6:04 Loom
14:42 Feudal Age
16:05 Double-Bit Axe
18:59 Castle Age
17:39 Scale Barding Armor
17:43 Gold Mining
20:38 Forging
28:52 Fletching
32:15 Horse Collar
35:07 Bow Saw
35:15 Detinets
36:25 Wheelbarrow
35:50 Stone Mining
38:00 Hand Cart
37:51 Heavy Plow
38:27 Gold Shaft Mining
38:07 Bodkin Arrow
38:56 Coinage
41:41 Imperial Age
40:14 Bloodlines
40:04 Husbandry
41:25 Chain Barding Armor
41:41 Iron Casting
43:01 Plate Barding Armor
42:07 Elite Boyar
43:16 Conscription
44:31 Blast Furnace
45:05 Onager
gyNNNNN
13:08 Feudal Age
14:14 Double-Bit Axe
16:52 Castle Age
16:42 Horse Collar
18:06 Loom
19:57 Bow Saw
25:09 Heavy Plow
26:59 Wheelbarrow
27:20 Scale Barding Armor
28:23 Chain Barding Armor
28:43 Bloodlines
28:34 Husbandry
30:02 Forging
31:56 Iron Casting
35:57 Imperial Age
34:14 Light Cavalry
35:16 Hand Cart
35:46 Fletching
37:14 Plate Barding Armor
36:21 Heavy Camel Rider
39:03 Blast Furnace
38:24 Town Watch
39:40 Two-Man Saw
38:57 Imperial Camel Rider
43:56 Conscription
44:47 Bodkin Arrow
45:33 Grand Trunk Road
46:35 Elite Ghulam
48:47 Scale Mail Armor
Fs. Morre na Imp
8:59 Loom
11:50 Feudal Age
12:19 Double-Bit Axe
21:17 Castle Age
20:56 Forging
21:15 Bloodlines
23:06 Scale Barding Armor
28:27 Husbandry
31:33 Iron Casting
30:48 Horse Collar
34:18 Fletching
39:27 Wheelbarrow
39:57 Chain Barding Armor
42:46 Imperial Age
41:10 Heavy Plow
41:05 Gold Mining
42:41 Hand Cart
43:11 Heavy Camel Rider
45:08 Blast Furnace
45:36 Pikeman
46:18 Scale Mail Armor
47:19 Chain Mail Armor
47:28 Squires
48:36 Plate Mail Armor
48:51 Light Cavalry
Fs.Costinha
9:25 Loom
9:57 Loom
11:01 Loom
14:52 Feudal Age
23:40 Castle Age
22:15 Double-Bit Axe
37:13 Bow Saw
38:29 Horse Collar
40:05 Wheelbarrow
42:36 Heavy Plow
46:24 Fletching
46:35 Padded Archer Armor
45:58 Crossbowman
46:43 Thumb Ring
49:42 Imperial Age
47:45 Hand Cart
47:55 Ballistics
48:42 Thumb Ring
48:34 Bodkin Arrow
49:50 Scale Mail Armor
50:00 Forging
50:05 Leather Archer Armor
49:12 Pikeman
49:52 Squires
Fs.Black_
5:31 Loom
12:32 Feudal Age
15:42 Forging
18:31 Double-Bit Axe
20:48 Castle Age
18:48 Horse Collar
19:34 Gold Mining
20:18 Scale Barding Armor
20:14 Fletching
21:04 Light Cavalry
26:33 Chain Barding Armor
28:43 Bloodlines
36:18 Wheelbarrow
38:22 Imperial Age
36:54 Bodkin Arrow
38:16 Iron Casting
38:32 Elite Iron Pagoda
46:25 Bow Saw
46:30 Heavy Plow
Fs.Nicolau Mendes
11:04 Loom
13:08 Feudal Age
17:05 Castle Age
15:23 Double-Bit Axe
17:58 Bow Saw
22:59 Fletching
25:19 Bodkin Arrow
27:36 Wheelbarrow
31:17 Ballistics
33:28 Coinage
39:11 Imperial Age
38:14 Horse Collar
38:27 Gold Mining
40:56 Chemistry
39:57 Bracer
40:27 Conscription
40:44 Elite War Wagon
41:35 Treadmill Crane
42:38 Eupseong
42:25 Arrowslits
43:09 Elite Fire Lancer
43:50 Scale Mail Armor
44:00 Forging
44:54 Chain Mail Armor
45:12 Masonry
48:02 Gambesons
48:17 Squires
48:51 Plate Mail Armor
48:57 Iron Casting
Connection lost

Rejoining the realm…

Still unreachable

The connection could not be restored.

Session expired

The server has moved on; the page needs a fresh start.